[Event "FRA-ch 58 Championnat"]
[Site "Belfort"]
[Date "1983.08.26"]
[Round "13"]
[White "Giffard, Nicolas"]
[Black "Manouck, Thierry"]
[Result "1-0"]
[ECO "A42"]
[WhiteElo "2345"]
[BlackElo "2375"]
[Annotator "Primel,D"]
[PlyCount "103"]
[EventDate "1983.08.12"]
[EventType "tourn"]
[EventRounds "15"]
[EventCountry "FRA"]
[EventCategory "2"]
[SourceTitle "EXT 2016"]
[Source "ChessBase"]
[SourceDate "2015.10.08"]
[SourceVersion "1"]
[SourceVersionDate "2015.10.08"]
[SourceQuality "1"]
[TimeControl "40/5400+30:1800+30"]

1. d4 g6 2. c4 Bg7 3. Nc3 d6 4. e4 Nc6 (4... Nf6 {Est-Indienne}) 5. Be3 (5. d5
Nd4 6. Be3 c5 7. Nge2 Qb6 8. Na4 Qa5+ 9. Bd2 Qa6 10. Nxd4 Bxd4 11. Nc3 Bd7 12.
Bd3 Nf6 13. h3 O-O 14. O-O Nh5) 5... e5 6. d5 Nce7 (6... Nd4) 7. g4 $1 {
Une idée d'AVERBAKH qui rend la suite 4. Nc6 assez douteuse} (7. c5 $1 f5 8.
Bb5+ $1 Bd7 9. cxd6 cxd6 10. Bxd7+ Qxd7 11. f3 $16 {[%csl Re6,Rg7][%cal Gg1h3,
Gh3g5,Gg5e6] L'autre suite qui donne un millieu de jeu favorable aux blancs
après l'échange des B de cases blanches qui laisse un mauvais B aux noirs et
une case faible "e6"}) 7... Nf6 (7... f5 $5 8. gxf5 gxf5 9. Qh5+ Ng6 10. exf5
Qh4 11. Qf3 N6e7 12. Bd3 Nh6 $13) 8. h3 $5 (8. g5 Nd7 9. h4 h5) 8... h5 9. g5
Nh7 10. Nf3 (10. Qd2 O-O 11. O-O-O Bd7 12. Be2 Nc8 13. Nf3 a6 14. Kb1 Rb8 15.
Rdg1 b5 16. Nh4 c5 17. dxc6 Bxc6 18. Nd5 $14) 10... O-O 11. Qd2 Bd7 12. O-O-O
$1 Qb8 $1 {[%cal Ga7a6,Gb7b5,Ra8a2] La pratique a donné des bons résultats aux
noirs avec cette idée originale} 13. Kb1 Rd8 (13... a6 14. c5 Nc8 15. Be2 dxc5
16. Bxc5 Nd6) 14. Rc1 $146 (14. c5 Nc8 15. cxd6 Nxd6 16. Qc2 c6 17. Ka1 Rc8 18.
Bc5 b6 19. dxc6 Rxc6 20. Ba3 Be6 21. Qa4 Qc7 22. Ba6 Rd8 23. Kb1 Nc4 24. Rxd8+
Qxd8 25. Bxc4 Rxc4 26. Rd1 Qa8 27. Qb5 Rxc3 28. bxc3 Qxe4+ {Lengyel,L-Kotov,A/
Sochi 1967/MCD/0-1 (31)}) 14... Nc8 15. Ne1 a6 16. Qc2 Be8
17. Qb3 c5 18. dxc6 (18. Nc2 b5 $1 19. cxb5 axb5 20. Bxb5 Bxb5 21. Qxb5 Qa7 $44 ) 18... bxc6 19. Qxb8 Rxb8 20. Rd1 Ne7 21. Nf3 Nf8 22. Bd3 Ne6
23. Bc2 f5 24. gxf6 Bxf6 25. Bb3 c5 26. Rhg1 Nd4 27. Bxd4 $1
exd4 28. Nd5 Nxd5 29. cxd5 Rb4 30. Nd2 Be5 31. Bc4 (31.
Nc4 Bh2 32. Rg2 Bf4) 31... a5 32. b3 a4 33. Kc2 Kg7 (33... Ra8 $1 ) 34. Nf3 axb3+ 35. axb3 Rxc4+ $5 {Espérant tirer profit de la position
exposée du K blanc} 36. bxc4 Ba4+ 37. Kd3 Bxd1 38. Rxd1 Ra8 39. Ke2 Ra2+ 40.
Rd2 $1 Ra3 41. Nxe5 {Ajournement} dxe5 42. Rb2 $1 Rc3
(42... Rxh3 43. Rb5 Kf6 44. Rxc5) 43. Rb7+ Kf8 44. d6 Ke8 45. Re7+ Kd8 46. Rxe5
Rxc4 47. Rd5 $1 Rc2+ 48. Kf3 Rc3+ 49. Kf4 d3 (49...
Rxh3) 50. e5 c4 $4 {Thierry MANOUCK était très fatigué а la fin de ce tournoi
car il avait multiplié les longues parties а ajournement.} 51. e6 $18 Rc2 52.
Ra5 1-0

[Event "Sautron op 13th"]
[Site "Sautron"]
[Date "2013.10.28"]
[Round "4"]
[White "Roiz, Michael"]
[Black "Haub, Thorsten Michael"]
[Result "1/2-1/2"]
[ECO "A42"]
[WhiteElo "2614"]
[BlackElo "2455"]
[Annotator "RR"]
[PlyCount "69"]
[EventDate "2013.10.26"]
[EventType "swiss"]
[EventRounds "9"]
[EventCountry "FRA"]
[SourceTitle "EXT 2014"]
[Source "ChessBase"]
[SourceDate "2013.11.20"]
[SourceVersion "1"]
[SourceVersionDate "2013.11.20"]
[SourceQuality "1"]
[TimeControl "40/5400+30:1800+30"]
[WhiteClock "1:30:00"]
[BlackClock "1:30:00"]

1. d4 g6 2. e4 Bg7 3. c4 d6 4. Nc3 Nd7 (4... e5 {Plus agressif} 5. Nf3 Nc6 (5... Bg4 6. d5 a5 7. Be2
$14) 6. d5 (6. Bg5 f6) 6... Nce7 7. h4 $1 (7. Be2) 7... Nf6 (7... h6 8. h5 g5
9. Be2 f5 10. exf5 Bxf5 11. Be3 Nf6 12. Nd2 O-O 13. f3 Bh7 14. g4) 8. Be2 O-O
9. Be3 Ng4 10. Bd2 c6) 5. Nf3 e6 6. Be3 Ne7 7. Qd2 h6 8. Be2 a6 9. O-O f5 10. exf5 Nxf5 11. Bd3 Qf6 12. c5 $5 $146 (12. Rfe1
O-O 13. Re2 g5 14. Ne4 Qe7 15. Ng3 Qf7 16. Bc2 Nf6 17. Qd3 b5 18. b3 Nxg3 19.
hxg3 Bb7 20. Bd2 Rad8 21. Bb4 bxc4 22. bxc4 c5 23. Ba5 Rc8 24. Rae1 Rfe8 25.
dxc5 e5 26. Qxd6 e4 27. Nh2 Bf8 28. Qd1 Bxc5 29. Bc3 e3 30. fxe3 Ne4 31. Bd4
Red8 32. Ng4 Qe6 33. Bxe4 Bxe4 34. Nf6+ Kf7 35. Rf2 Ke7 36. Nxe4 {1-0 (36)
Evdokimov,A (2500)-Haub,T (2469) Pardubice 2006}) (12. Ne4 Qf7 13. Rae1 O-O)
12... O-O 13. cxd6 cxd6 14.
Bxf5 $5 gxf5 15. Bf4 Kh7 $5 (15... e5 $6 16. Nd5) 16. Bxd6 Rg8 17. Rfe1 $16 Qg6 18. Bg3 Nf6 19. Ne5 Qh5 20. Rac1 $32 b5 21. Nd3 $1 Ra7 22. Nc5 Qf7 23. Ne2 h5 24. Rcd1 (24. Nf4 $143 Bh6 ) (24. Be5 Bh6 25. Nf4 Nd5 (25... Qg7 26. f3 ) 26.
Ncd3) 24... Nd5 25. Nc3 Bh6 26. Qd3 h4 (26... Qg6 $142 ) 27. Be5 Qg6 28. Qf3 Nb6 29. Ne2 (29. b3 Rf7) 29...
Nc4 30. b3 Nxe5 31. dxe5 b4 32. Rd4 Rc7 33. Rc4 Rgg7 34. g3 Rxc5 35. Rxc5 1/2-1/2